 Dungeon Crawl Stone Soup version 0.16.2-12-gd0ad4c3 (webtiles) character file.

49 zigs the Conjurer (level 3, -4/19 HPs)
             Began as a Tengu Air Elementalist on Sept 10, 2015.
             Shot with a stone by a gnoll (11 damage)
             ... on level 2 of the Dungeon.
             The game lasted 00:07:31 (1490 turns).

zigs the Conjurer (Tengu Air Elementalist)          Turns: 1490, Time: 00:07:31

Health: -4/19      AC:  2    Str:  8    XL:     3   Next: 77%
Magic:  3/7        EV: 12    Int: 16    God:
Gold:   57         SH:  0    Dex: 14    Spells: 2 memorised, 3 levels left

rFire  . . .     SeeInvis .     g - +0 short sword
rCold  . . .     Clarity  .     a - +0 robe
rNeg   . . .     SustAb   .     (no shield)
rPois  .         Gourm    .     (helmet restricted)
rElec  .         Spirit   .     (no cloak)
rCorr  .         Warding  .     (no gloves)
rMut   .         Stasis   .     (boots unavailable)
MR     .....                    (no amulet)
Stlth  ++........               (no ring)
                                (no ring)

@: not resistant to hostile enchantments, unstealthy
A: beak, talons 3
a: no special abilities


You were on level 2 of the Dungeon.
You were not hungry.

You visited 1 branch of the dungeon, and saw 2 of its levels.

You collected 57 gold pieces.

Inventory:

Hand weapons
 g - a +0 short sword (weapon)
Armour
 a - a +0 robe (worn)
Jewellery
 i - an uncursed amulet of regeneration
Scrolls
 e - a scroll of random uselessness {unknown}
 f - a scroll of recharging {unknown}
 h - a scroll of enchant weapon {unknown}
 j - 2 scrolls of identify {unknown}
 k - a scroll of blinking {unknown}
 l - a scroll of fear {unknown}
Books
 b - a book of Air

   Spells                             Type                      Level
   a - Shock                          Conjuration/Air              1
   b - Swiftness                      Charms/Air                   2
   c - Repel Missiles                 Charms/Air                   2
   d - Flight                         Charms/Air                   3
   e - Static Discharge               Conjuration/Air              3
   f - Lightning Bolt                 Conjuration/Air              5
Comestibles
 c - a bread ration
 d - 2 meat rations
 m - a chunk of flesh


   Skills:
 - Level 2.1 Dodging
 - Level 2.0 Stealth
 - Level 2.0 Spellcasting
 * Level 4.7 Conjurations
 - Level 4.0 Air Magic


You had 3 spell levels left.
You knew the following spells:

 Your Spells              Type           Power        Failure   Level  Hunger
a - Shock                 Conj/Air       ###.         4%          1    #......
b - Repel Missiles        Chrm/Air       #.....       14%         2    ###....


Dungeon Overview and Level Annotations

Branches:
Dungeon (2/15)

Altars:


Innate Abilities, Weirdness & Mutations

You have a beak for a mouth.
You have claws for feet.


Message History

The gnoll shoots a stone.
The stone closely misses you.
Casting: Shock
Confirm with . or Enter, or press ? or * to list all spells.
Aiming: Shock
Press: ? - help, Shift-Dir - straight line, f/p - gnoll
Aim: a gnoll, wielding a hunting sling and wearing a ring mail (heavily wounded)
The zap hits the gnoll.
The gnoll is almost dead.
The gnoll shoots a stone.
The stone hits you!
Ouch! That really hurt!
Casting: Shock
Confirm with . or Enter, or press ? or * to list all spells.
Aiming: Shock
Press: ? - help, Shift-Dir - straight line, f/p - gnoll
Aim: a gnoll, wielding a hunting sling and wearing a ring mail (almost dead)
The zap hits the gnoll.
The gnoll is almost dead.
The gnoll shoots a stone.
The stone hits you!
Ouch! That really hurt!
You die...

#...........#.## #(#.#
#...............# #(#.#
#...............# #.#.#
#...............# #(#.#
####...............#
#รท#.#
#.##.#######.......###.#.#
#.## #.....).....#. #.#
#######.........((# #<#
.g.......@......(.)# #.#
###########.......# #.#
#...########.# #.# #...#
#.# #.# #...# #)# #.#
#####...# #.# #.#
#.......# ####.#
###.#####......######....#
#.............).....'....#


You could see a gnoll.

Vanquished Creatures
  2 gnolls (D:2)
  A giant gecko (D:1)
  A ball python (D:1)
  3 giant cockroaches (D:1)
  6 goblins
  2 hobgoblins (D:1)
  4 bats
  2 giant newts (D:1)
  6 kobolds
  5 rats
32 creatures vanquished.

Notes
Turn   | Place    | Note
--------------------------------------------------------------
     0 | D:1      | zigs, the Tengu Air Elementalist, began the quest for the Orb.
     0 | D:1      | Reached XP level 1. HP: 10/10 MP: 3/3
   171 | D:1      | Reached XP level 2. HP: 13/15 MP: 1/5
   396 | D:1      | Learned a level 2 spell: Repel Missiles
   944 | D:1      | Reached XP level 3. HP: 16/19 MP: 7/7
  1490 | D:2      | Shot with a stone by a gnoll

Action                   || total
-------------------------++-------
Melee: Unarmed           ||     5
       Short sword       ||    45
 Cast: Shock             ||    43
       Repel Missiles    ||     1
  Use: Scroll            ||     1
 Stab: Sleeping          ||     1
  Eat: Chunk             ||     3
